 Dungeon Crawl Stone Soup version 0.30-a0-782-ge64f9170bb (webtiles) character file.

Game seed: 17094094078649093645

2038 Dirian the Cleaver (level 9, -3/117 HPs)
             Began as a Minotaur Fighter on Mar 8, 2023.
             Was an Initiate of Makhleb.
             Slain by a yak (7 damage)
             ... on level 6 of the Dungeon.
             The game lasted 00:09:10 (4375 turns).

Dirian the Cleaver (Minotaur Fighter)               Turns: 4375, Time: 00:09:10

Health: -3/117     AC: 11    Str: 25    XL:     9   Next: 4%
Magic:  8/10       EV: 14    Int:  5    God:    Makhleb [......]
Gold:   195        SH:  5    Dex: 16    Spells: 8/8 levels left

rFire   . . .      SeeInvis .    a - +0 broad axe
rCold   . . .      Faith    .    s - +0 buckler
rNeg    . . .      Spirit   .    n - +0 scale mail
rPois   .          Reflect  .    h - +1 hat
rElec   .          Harm     .    (no cloak)
rCorr   .          Rampage  .    g - +1 pair of gloves
Will    .....                    (no boots) Stlth
                                 (no amulet)
HPRegen 0.39/turn                e - +5 ring of evasion
MPRegen 0.12/turn                m - +6 ring of dexterity

@: berserking, very quick
A: horns 2, retaliatory headbutt
a: Renounce Religion


You were on level 6 of the Dungeon.
You worshipped Makhleb.
Makhleb was noncommittal.
You visited 1 branch of the dungeon, and saw 6 of its levels.

You collected 195 gold pieces.

Inventory:

Hand Weapons
 a - a +0 broad axe (weapon)
 b - the +8 mace "Vixtuoxt" {flame, rF+ rN+ Will- Dex+3}
   (You found it on level 3 of the Dungeon)

   Dex:       It affects your dexterity (+3).
   rF:        It protects you from fire.
   rN:        It protects you from negative energy.
   Will:      It decreases your willpower.
 c - the +8 war axe "Nieshegue" {heavy, *Rage rN++ Str+3 SInv}
   (You took it off an orc on level 4 of the Dungeon)

   Str:       It affects your strength (+3).
   rN:        It greatly protects you from negative energy.
   SInv:      It lets you see invisible.
   *Rage:     It berserks you when you make melee attacks (+20% chance).
Armour
 g - a +1 pair of gloves (worn)
 h - a +1 hat (worn)
 n - a +0 scale mail (worn)
 s - a +0 buckler (worn)
Jewellery
 e - a +5 ring of evasion (left hand)
 m - a +6 ring of dexterity (right hand)
 u - a ring of positive energy
Wands
 x - a wand of mindburst (20)
Scrolls
 i - a scroll of fear
 j - 2 scrolls of silence
 l - 2 scrolls of immolation
 o - 2 scrolls of magic mapping
 p - a scroll of poison {unknown}
 t - 6 scrolls of teleportation
 w - a scroll of vulnerability {unknown}
 z - a scroll of blinking
Potions
 d - 3 potions of might
 f - 2 potions of attraction
 k - a potion of invisibility
 r - a potion of magic


   Skills:
 + Level 6.8 Fighting
 + Level 10.3 Axes
 + Level 7.1 Armour
 + Level 5.3 Shields
 * Level 2.8 Invocations


You had 8 spell levels left.
You didn't know any spells.
Your spell library contained the following spells:

 Spells                   Type           Power      Damage    Failure   Level
 Ignite Poison            Fire/Tmut/Pois 0%         N/A       99%         3
 Kindle Blastsparks       Fire/Tloc/Air  0%         2d10      99%         3
 Freezing Cloud           Conj/Ice/Air   0%         6-21      100%        5


Dungeon Overview and Level Annotations

Branches:
Dungeon (6/15) Zot: 26108  Temple (0/1) D:6

Altars:
Hepliaklqana
Makhleb
Nemelex Xobeh
Uskayaw
Vehumet
Yredelemnul

Shops:
D:3 ?   D:6 *

Annotations:
D:4 exclusion: statue


Innate Abilities, Weirdness & Mutations

You have a pair of horns on your head.
You reflexively headbutt those who attack you in melee.


Message History

You barely miss the yak. You slash the yak!
The yak gores you but does no damage. You block the yak's attack. x2
You slash the yak!
The yak is severely wounded.
You hit the yak. x2; The yak gores you!
* * * LOW HITPOINT WARNING * * *
The yak gores you!
* * * LOW HITPOINT WARNING * * *
You block the yak's attack.
You hit the yak.
The yak is severely wounded.
You closely miss the yak. You barely miss the yak. The yak gores you.
* * * LOW HITPOINT WARNING * * *
The yak closely misses you. You furiously retaliate!
You headbutt the yak.
The yak gores you but does no damage. x2; You block the yak's attack.
The yak closely misses you. You furiously retaliate!
You headbutt the yak. You slash the yak!
You kill the yak!
Makhleb accepts your kill.
You hit the yak. You slash the yak! The yak closely misses you.
You furiously retaliate!
You headbutt the yak!
You kill the yak!
Makhleb accepts your kill. The yak barely misses you.
Your Axes skill increases to level 10!
Your Armour skill increases to level 7!
You have reached level 9!
Your experience leads to an increase in your attributes!
Your base attributes are Str 23, Int 5, Dex 10.
Increase (S)trength, (I)ntelligence, or (D)exterity?
You feel stronger. x2
You feel better. The yak gores you!
* * * LOW HITPOINT WARNING * * *
You block the yak's attack.
A red film seems to cover your vision as you go berserk!
You feel yourself moving faster!
You feel mighty! The yak gores you.
* * * LOW HITPOINT WARNING * * *
You barely miss the yak. You closely miss the yak. You slash the yak!
The yak gores you but does no damage. The yak gores you!
You die...

................##########....#
.........................#....#
########.................+....#
+ .....#.................##'###
# .....#########..............#
# .............#..............#
.............##########.....#
.............#Y.......#.....#
$............Y@.......'.....#
(............#Y.......#.....#
#######################.....#
#######


You could see 3 yaks.

Vanquished Creatures
  2 yaks (D:6)
  Eustachio (D:5)
  Duvessa (D:5)
  A water moccasin (D:6)
  An orc warrior (D:6)
  2 sky beasts (D:6)
  2 ogres
  A phantom (D:5)
  3 scorpions
  Dowan (D:5)
  A howler monkey (D:5)
  An orc priest (D:6)
  3 jellies (D:5)
  3 hounds
  2 gnoll boudas (D:6)
  4 orc wizards
  8 gnolls
  6 adders
  An ufetubus (D:6)
  A worm (D:2)
  3 dart slugs (D:3)
  17 orcs
  6 ball pythons
  4 endoplasms
  4 giant cockroaches
  12 goblins
  8 hobgoblins
  3 quokkas
  6 bats
  8 frilled lizards
  7 kobolds
  4 rats (D:1)
127 creatures vanquished.

Notes
Turn   | Place    | Note
-------+----------+-------------------------------------------
     0 | D:1      | Dirian the Minotaur Fighter began the quest for the Orb.
     0 | D:1      | Reached XP level 1. HP: 19/19 MP: 0/0
    14 | D:1      | Reached XP level 2. HP: 10/27 MP: 1/1
   469 | D:1      | Reached XP level 3. HP: 33/33 MP: 2/2
   776 | D:2      | Reached skill level 3 in Axes
  1012 | D:2      | Reached XP level 4. HP: 40/40 MP: 3/3
  1053 | D:2      | Identified the +1 robe of the Cockatrice {rCorr}
  1091 | D:2      | Identified the +0 spear of Wodi {freeze, rC++}
  1402 | D:3      | Reached skill level 4 in Axes
  1624 | D:3      | Found The Oracle's Delphic Readings.
  1748 | D:3      | Identified the +8 mace "Vixtuoxt" {flame, rF+ rN+ Will-
                  | Dex+3}
  1897 | D:4      | Reached XP level 5. HP: 41/47 MP: 4/4
  1936 | D:4      | Noticed an ogre
  1942 | D:4      | Killed an ogre
  1943 | D:4      | Reached skill level 5 in Axes
  2060 | D:4      | Found a radiant altar of Vehumet.
  2060 | D:4      | Noticed a frost-covered statue
  2129 | D:4      | Identified the +11 dagger of the Sky {venom, rElec rPois
                  | Int+2}
  2271 | D:4      | Noticed a +0 hand axe
  2272 | D:4      | Noticed a +0 hand axe
  2273 | D:4      | Found a hide-covered altar of Uskayaw.
  2326 | D:4      | Reached XP level 6. HP: 42/53 MP: 5/5
  2344 | D:4      | Identified the +8 war axe "Nieshegue" {heavy, *Rage rN++
                  | Str+3 SInv}
  2388 | D:4      | Reached skill level 6 in Axes
  2685 | D:5      | Entered Level 5 of the Dungeon
  2685 | D:5      | Noticed Duvessa
  2685 | D:5      | Noticed Dowan
  2685 | D:5      | Found a sparkling altar of Nemelex Xobeh.
  2744 | D:5      | Killed Duvessa
  2745 | D:5      | Reached skill level 5 in Armour
  2750 | D:5      | Killed Dowan
  2751 | D:5      | Reached skill level 5 in Fighting
  2772 | D:5      | Reached skill level 7 in Axes
  2772 | D:5      | Reached XP level 7. HP: 55/61 MP: 6/6
  3030 | D:5      | Noticed Eustachio
  3037 | D:5      | Killed Eustachio
  3053 | D:5      | Reached skill level 8 in Axes
  3247 | D:5      | Reached XP level 8. HP: 44/70 MP: 7/7
  3559 | D:6      | Found a burning altar of Makhleb.
  3559 | D:6      | Found a hazy altar of Hepliaklqana.
  3560 | D:6      | Found a basalt altar of Yredelemnul.
  3587 | D:6      | Found Futeg's Neck Hole.
  3619 | D:6      | Became a worshipper of Makhleb the Destroyer
  3742 | D:6      | Reached skill level 9 in Axes
  3745 | D:6      | Reached skill level 1 in Invocations
  4033 | D:6      | Reached skill level 5 in Shields
  4075 | D:6      | Found a staircase to the Ecumenical Temple.
  4373 | D:6      | Reached skill level 10 in Axes
  4373 | D:6      | Reached XP level 9. HP: 8/78 MP: 8/10
  4374 | D:6      | HP: 4/117 [yak (5)]
  4375 | D:6      | Slain by a yak

Illustrated notes

Levels and vault maps discovered:
D:1:      dpeg_arrival_arbitrary_c, layout_basic, serial_bayou_pond_a
D:2:      layout_basic, kennysheep_generic_room_16
D:3:      layout_loops_ring, nicolae_nh_oracle_at_delphi
D:4:      layout_loops_ring, vehumet_statue, dancing_weapons_uskayaw,
          roderic_cross_of_infinity
D:5:      layout_basic, nemelex_xobeh_ov_fountains_minmay, serial_curves,
          eino_curves_02, eino_curves_03, eino_curves_02, uniq_eustachio,
          uniq_duvessa
D:6:      layout_gridville, minitemple, minmay_temple_entry_proselytizer,
          nicolae_shop_sticking_my_neck_out

Skill      XL: |  1  2  3  4  5  6  7  8 |
---------------+-------------------------+-----
Armour         | 4 5 6 7 |  7.1
Shields        | 4 5 |  5.3
Fighting       | 4 5 6 |  6.8
Axes           | 3 4 5 7 8 10 | 10.3
Invocations    | 2 |  2.8

Action                     |  1- 3 |  4- 6 |  7- 9 || total
---------------------------+-------+-------+-------++-------
  Melee: War axe           |    90 |    66 |       ||   156
         Headbutt          |     3 |    11 |    21 ||    35
         Broad axe         |       |    39 |   100 ||   139
    Use: Scroll            |     3 |     6 |       ||     9
         Potion            |       |     5 |     5 ||    10
 Armour: Scale mail        |    44 |    39 |    43 ||   126
  Dodge: Dodged            |    36 |    60 |    78 ||   174
  Block: Buckler           |    17 |    18 |    28 ||    63

Table legend: (Time is in decaauts)
 A = Elapsed time spent in this place.
 B = Non-inter-level travel time spent in this place.
 C = Inter-level travel time spent in this place.
 D = Time resting spent in this place.
 E = Time spent auto-exploring this place.
 F = Levels seen in this place.
 G = Mean time per level.
                   A        B        C        D        E       F      G
               +--------+--------+--------+--------+--------+-----+--------+
         Total |   4479 |   4361 |    118 |     49 |   3380 |   6 |  746.5 |
       Dungeon |   4479 |   4361 |    118 |     49 |   3380 |   6 |  746.5 |
               +--------+--------+--------+--------+--------+-----+--------+

Top non-repeatable levels by time:
     D:4: 894 daAuts
     D:6: 891 daAuts
     D:5: 788 daAuts
     D:1: 696 daAuts
     D:3: 667 daAuts
     D:2: 541 daAuts
